 Dungeon Crawl Stone Soup version 0.17-a0-1714-g35622ae (webtiles) character file.

229422 Edric the Executioner (level 18, -6/154 HPs)
             Began as a Minotaur Berserker on Aug 18, 2015.
             Was an Elder of Trog.
             Killed from afar by a starcursed mass (7 damage)
             ... with an accursed screaming
             ... on level 1 of the Abyss on Aug 23, 2015.
             The game lasted 07:28:53 (50509 turns).

Edric the Executioner (Minotaur Berserker)         Turns: 50509, Time: 07:28:53

Health: -6/154     AC: 29    Str: 32    XL:     18   Next: 73%
Magic:  16/16      EV: 10    Int:  8    God:    Trog [****..]
Gold:   3417       SH:  0    Dex:  6    Spells: 0 memorised, 17 levels left

rFire  + . .     SeeInvis +     I - +6 war axe of Watchfulness {freeze, Str+2 Dex-4 SInv}
rCold  + . .     Clarity  .     Y - +2 plate armour {rF+}
rNeg   . . .     SustAt   .     (no shield)
rPois  +         Gourm    .     M - +1 hat
rElec  +         Spirit   .     d - +0 cloak {rPois}
rCorr  .         Warding  .     S - +0 pair of gloves of Jeciosk {rElec rPois Int+4}
rMut   .         Stasis   .     O - +0 pair of boots
MR     +....                    (no amulet)
Stlth  ..........               q - +3 ring of protection
                                u - ring of protection from cold

@: exhausted, very slightly contaminated, slowed, invisible, very slow, somewhat
resistant to hostile enchantments, extremely unstealthy
A: retaliatory headbutt, horns 2, blurry vision 1, frail 1, low mp 1
a: Burn Spellbooks, Berserk, Trog's Hand, Brothers in Arms, Renounce Religion
}: 1/15 runes: serpentine


You were on level 1 of the Abyss.
You worshipped Trog.
Trog was greatly pleased with you.
You were not hungry.

You visited 6 branches of the dungeon, and saw 34 of its levels.
You visited the Abyss 1 time.
You also visited: Sewer and Ice Cave.

You collected 3711 gold pieces.
You spent 294 gold pieces at shops.

Inventory:

Hand weapons
 y - a +3 antimagic battleaxe
 I - the +6 war axe of Watchfulness (weapon) {freeze, Str+2 Dex-4 SInv}
   (You found it on level 2 of the Snake Pit)

   It has been specially enchanted to freeze those struck by it, causing extra
   injury to most foes and up to half again as much damage against particularly
   susceptible opponents.
   It can also slow down cold-blooded creatures.
   It affects your strength (+2).
   It affects your dexterity (-4).
   It lets you see invisible.
Missiles
 x - 10 silver javelins (quivered)
 D - 7 steel tomahawks
 F - 8 poisoned tomahawks
 R - 2 tomahawks of returning
 Z - a javelin of returning
Armour
 d - a +0 cloak of poison resistance (worn)
 A - a +1 ring mail of fire resistance
 M - a +1 hat (worn)
 O - a +0 pair of boots (worn)
 S - the +0 pair of gloves of Jeciosk (worn) {rElec rPois Int+4}
   (You bought it in a shop on level 4 of the Orcish Mines)

   It affects your intelligence (+4).
   It insulates you from electricity.
   It protects you from poison.
 Y - a +2 plate armour of fire resistance (worn)
Jewellery
 h - an uncursed ring of protection from magic
 l - an uncursed ring of sustain attributes
 q - a +3 ring of protection (right hand)
 s - an uncursed ring of positive energy
 u - a ring of protection from cold (left hand)
 X - an uncursed ring of see invisible
Magical devices
 b - a wand of disintegration (6)
 c - a wand of teleportation (5)
 z - a wand of confusion (25)
 E - a wand of polymorph (1)
 G - a wand of random effects (21)
 H - a wand of flame (20)
 N - a wand of digging (6)
Scrolls
 e - a scroll of fog
 f - 6 scrolls of identify
 o - a scroll of fear
 p - 7 scrolls of remove curse
 V - 6 scrolls of magic mapping
Potions
 i - 2 potions of resistance
 k - a potion of invisibility
 t - a potion of flight
 w - 7 potions of curing
 B - 4 potions of might
 C - 2 potions of ambrosia
 K - a potion of haste
Comestibles
 g - a beef jerky
 j - 10 bread rations
 m - 15 fruits
 n - a meat ration
 r - 8 slices of pizza


   Skills:
 + Level 18.0 Fighting
 + Level 21.0(21.1) Axes
   Level 4.2(14.8) Maces & Flails
 + Level 16.3 Throwing
 + Level 18.0 Armour
 + Level 8.3 Dodging
 + Level 3.3 Stealth
 + Level 1.4 Evocations


You had 17 spell levels left.
You didn't know any spells.

Dungeon Overview and Level Annotations

Branches:
Dungeon (15/15)            Temple (0/1) D:4            Lair (8/8) D:8
 Shoals (1/4) Lair:3        Snake (4/4) Lair:6        Slime (0/6) Lair:6
    Orc (4/4) D:11            Elf (0/3) Orc:4        Vaults (0/5) D:13
 Depths (2/5) D:15

Altars:
Ashenzari
Dithmenos
Fedhas
Gozag
Kikubaaqudgha
Makhleb
Nemelex Xobeh
Vehumet
Xom
Yredelemnul
Beogh

Shops:
D:4 (   D:14 *   Orc:3 *[   Orc:4 [[((   Snake:3 [

Portals:
Hell: Depths:1 Depths:2
Trove: D:15 (give +5 demon blade)


Innate Abilities, Weirdness & Mutations

You reflexively headbutt those who attack you in melee.
You have a pair of horns on your head.
[Scrolls take you a little longer to read.]
[You are frail (-10% HP).]
[Your magical capacity is low (-10% MP).]


Message History

The quasit moves out of view.
You feel a strong urge to attack something.
You are no longer berserk.
Trog's vigour flows through your veins.
You are exhausted.
You feel yourself slow down.
The starcursed mass shrieks in your mind.
* * * LOW HITPOINT WARNING * * *
The quasit gives a chilling moan.
Drink which item? (? for menu, Esc to quit)
You feel better.
The starcursed mass shrieks in your mind.
* * * LOW HITPOINT WARNING * * *
A bone dragon comes into view.
The starcursed mass shrieks in your mind.
* * * LOW HITPOINT WARNING * * *
The starcursed mass shrieks in your mind.
* * * LOW HITPOINT WARNING * * *
The quasit barely misses you. x3
The starcursed mass shrieks in your mind.
You die...

#..#...#.##.##..#
.#...†...... #..
.....###.X.....#
..#.§#..#D##..#.
########..#.#.#
#.#..####
#.##...# # #..5.#
#...#@#.....#
#.####...#### #.#
#..≈≈# #. ≈≈≈≈≈≈
. ≈≈≈≈≈ . ≈≈≈..
≈≈.. ≈###


You could see a bone dragon, a starcursed mass and a quasit.

Vanquished Creatures
  2 liches (Abyss:1)
  A titan (Depths:1)
  5 fire giants (Depths:1)
  10 greater nagas
  3 frost giants
  A stone giant (Depths:1)
  A salamander stormcaller (Abyss:1)
  Snorg (Lair:8)
  A blizzard demon (Abyss:1)
  2 ettins
  3 jiangshi (Depths:1)
  Josephine (Lair:8)
  A fire dragon (Depths:1)
  A rakshasa (Abyss:1)
  An ice dragon (Depths:1)
  3 catoblepae
  12 naga warriors
  8 hydras
  5 centaur warriors
  A merfolk avatar (Shoals:1)
  An ogre mage (D:13)
  2 deep troll shamans (Depths:1)
  17 anacondas
  4 thrashing horrors (Abyss:1)
  2 merfolk aquamancers (Shoals:1)
  3 tengu warriors
  12 naga sharpshooters
  7 death yaks
  An orc high priest (Orc:3)
  Urug (D:11)
  2 vampire magi
  7 shock serpents
  3 wretched stars (Abyss:1)
  A shadow wraith (Abyss:1)
  2 iron trolls (Depths:1)
  3 salamander mystics
  10 naga ritualists
  3 lindwurms
  A deep troll (Depths:1)
  An unseen horror (D:13)
  19 mana vipers
  7 hill giants
  4 orc knights
  2 orc sorcerers
  4 griffons
  3 cyclopes
  12 ugly things
  4 manticores
  5 elephants (Lair:8)
  6 salamanders
  32 naga magi
  3 sirens
  An apocalypse crab (Abyss:1)
  A torpor snail (Lair:8)
  A sixfirhy (Abyss:1)
  40 black mambas
  20 spiny frogs
  3 guardian serpents
  A guardian serpent (shapeshifter) (Depths:2)
  A freezing wraith (D:14)
  4 yaktaurs
  An ancient zyme (Abyss:1)
  10 trolls
  A tengu conjurer (D:15)
  A queen bee (Lair:1)
  A blink frog (shapeshifter) (Depths:2)
  2 merfolk (Shoals:1)
  A two-headed ogre (D:13)
  10 komodo dragons
  A troll (shapeshifter) (D:11)
  16 blink frogs
  A giant leech (Lair:8)
  3 fire drakes
  5 slime creatures
  5 boulder beetles
  A hornet zombie (D:13)
  A snapping turtle (Shoals:1)
  9 wraiths
  5 hippogriffs
  3 wyverns
  A fire elemental (Abyss:1)
  6 basilisks
  11 starcursed masses (Abyss:1)
  6 water elementals (Shoals:1)
  48 yaks
  A steam dragon (Lair:4)
  7 vampire mosquitoes
  Eustachio (D:5)
  A fire bat (shapeshifter) (Abyss:1)
  2 hungry ghosts
  A deep elf mage (D:15)
  8 wargs
  6 large abominations (Abyss:1)
  A vampire (D:15)
  18 wolves
  3 deep elf fighters
  A shadow (D:8)
  A human (D:7)
  24 water moccasins
  3 mottled dragons
  48 nagas
  8 porcupines
  37 orc warriors
  A wasp (D:11)
  2 black bears
  3 sky beasts
  14 ogres
  A phantom (Lair:1)
  5 ice beasts
  7 necrophages
  7 boggarts (Depths:1)
  8 centaurs
  15 crocodiles
  3 big kobolds
  The ghost of stringdemon the Gusty, an average GrAE (D:3)
  18 giant frogs
  4 scorpions
  21 wights
  20 killer bees
  2 small abominations (Abyss:1)
  7 hounds
  4 quasits
  A wasp zombie (D:11)
  9 crimson imps
  2 giant frog zombies
  18 jellies
  3 giant frog skeletons
  22 orc priests
  2 centaur zombies
  6 centaur skeletons
  12 iguanas
  5 hell rats (Lair:4)
  56 orc wizards
  9 worker ants
  8 sheep
  2 hound skeletons
  A worker ant zombie (D:11)
  6 gnolls
  15 adders
  2 shadow imps
  86 river rats
  9 white imps
  3 ufetubi (IceCv)
  An adder zombie (D:6)
  A worm (D:2)
  3 giant geckos
  177 orcs
  6 ball pythons
  6 giant cockroaches
  10 goblins
  9 hobgoblins
  16 jackals
  12 kobolds
  20 bats
  A giant cockroach zombie (D:6)
  A giant gecko skeleton (D:6)
  5 giant newts
  A quokka skeleton (D:6)
  19 rats
  A bush (D:12)
  9 fungi
  11 plants
  A tentacle (Shoals:1)
1369 creatures vanquished.

Vanquished Creatures (collateral kills)
  2 frost giants
  An orc warlord (Orc:4)
  A very ugly thing (Abyss:1)
  A slime creature (Depths:2)
  2 hydras
  4 naga warriors
  A merfolk avatar (Shoals:1)
  2 catoblepae (Lair:8)
  A centaur warrior (Depths:2)
  2 naga sharpshooters (Snake:4)
  A death yak (Lair:8)
  A deep elf knight (D:13)
  2 naga ritualists
  2 orc knights (Orc:4)
  A griffon (Lair:8)
  2 manticores (Shoals:1)
  A mana viper (Snake:1)
  4 fauns (Shoals:1)
  2 orc sorcerers (Orc:4)
  5 black mambas
  A guardian serpent (Snake:3)
  A siren (Shoals:1)
  A gargoyle (D:12)
  A dire elephant zombie (Abyss:1)
  10 elephants
  4 naga magi
  2 spiny frogs
  A yaktaur (D:13)
  A kobold demonologist (D:13)
  2 merfolk (Shoals:1)
  A troll (Orc:4)
  A wind drake (Shoals:1)
  2 blink frogs (Lair:8)
  9 yaks
  5 nagas
  2 ogres (D:13)
  7 orc warriors
  2 wights (Abyss:1)
  10 killer bees (Lair:1)
  A giant frog zombie (D:12)
  3 orc wizards (Orc:4)
  5 orc priests
  14 orcs
124 creatures vanquished.

Vanquished Creatures (others)
  A salamander (Snake:2)
  A big kobold (D:13)
  A white imp (IceCv)
  An ufetubus (IceCv)
  25 fungi
  25 plants
  6 tentacles (Shoals:1)
  527 tentacle segments (Shoals:1)
587 creatures vanquished.

Grand Total: 2080 creatures vanquished

Notes
Turn   | Place    | Note
--------------------------------------------------------------
     0 | D:1      | Edric the Minotaur Berserker began the quest for the Orb.
     0 | D:1      | Reached XP level 1. HP: 19/19 MP: 0/0
   270 | D:1      | Reached XP level 2. HP: 27/27 MP: 1/1
   465 | D:1      | Reached skill level 4 in Axes
   482 | D:1      | Acquired Trog's second power
   823 | D:1      | Reached XP level 3. HP: 30/33 MP: 2/2
  1067 | D:2      | Reached skill level 1 in Throwing
  1760 | D:3      | Noticed stringdemon's ghost (average GrAE)
  1783 | D:3      | Killed stringdemon's ghost
  1783 | D:3      | Reached XP level 4. HP: 40/40 MP: 3/3
  1889 | D:3      | Reached XP level 5. HP: 36/47 MP: 4/4
  2074 | D:3      | Found a glowing drain.
  2078 | Sewer    | Entered a sewer
  2161 | Sewer    | Found a glowing silver altar of Zin.
  2719 | D:4      | Reached skill level 5 in Axes
  2719 | D:4      | Reached XP level 6. HP: 43/53 MP: 5/5
  2845 | D:4      | Found Zeapuv's Weapon Boutique.
  2853 | D:4      | Bought a +0 war axe for 38 gold pieces
  2959 | D:4      | Found a shadowy altar of Dithmenos.
  2961 | D:4      | Found a sparkling altar of Nemelex Xobeh.
  3101 | D:4      | Found a staircase to the Ecumenical Temple.
  3287 | D:4      | Reached skill level 5 in Fighting
  3503 | D:4      | Found an opulent altar of Gozag.
  3503 | D:4      | Found an ancient bone altar of Kikubaaqudgha.
  3504 | D:4      | Found a shattered altar of Ashenzari.
  3508 | D:4      | Found a shimmering altar of Xom.
  3525 | D:4      | Found a basalt altar of Yredelemnul.
  3630 | D:5      | Entered Level 5 of the Dungeon
  3680 | D:5      | Acquired Trog's third power
  3706 | D:5      | Noticed Eustachio
  3720 | D:5      | Killed Eustachio
  3720 | D:5      | Reached skill level 5 in Armour
  3720 | D:5      | Reached XP level 7. HP: 45/61 MP: 6/6
  3901 | D:5      | Noticed a hungry ghost
  3950 | D:5      | Killed a hungry ghost
  3950 | D:5      | Reached skill level 6 in Armour
  4140 | D:5      | Reached XP level 8. HP: 51/70 MP: 7/7
  4179 | D:5      | Found a burning altar of Makhleb.
  4625 | D:6      | Reached skill level 7 in Armour
  5545 | D:7      | Reached XP level 9. HP: 64/78 MP: 8/8
  5550 | D:7      | Reached skill level 8 in Armour
  5559 | D:7      | Reached skill level 5 in Throwing
  5834 | D:7      | Reached skill level 5 in Dodging
  6031 | D:7      | Received a gift from Trog
  6612 | D:8      | Reached skill level 9 in Armour
  6664 | D:8      | Reached skill level 1 in Stealth
  6789 | D:8      | Reached XP level 10. HP: 73/88 MP: 9/9
  6793 | D:8      | Found a staircase to the Lair.
  7016 | D:8      | Found an opulent altar of Gozag.
  7204 | D:8      | Found an opulent altar of Gozag.
  7667 | D:9      | Found a sparkling altar of Nemelex Xobeh.
  7820 | D:9      | Received a gift from Trog
  7903 | D:10     | Entered Level 10 of the Dungeon
  8084 | D:10     | Reached skill level 10 in Axes
  8286 | D:10     | Noticed a hill giant
  8295 | D:10     | Killed a hill giant
  8295 | D:10     | Reached skill level 10 in Armour
  9123 | D:11     | Reached XP level 11. HP: 85/97 MP: 10/10
  9382 | D:11     | Reached skill level 11 in Axes
  9389 | D:11     | Noticed a hill giant
  9397 | D:11     | Killed a hill giant
  9647 | D:11     | Received a gift from Trog
  9651 | D:11     | Noticed an orc knight
  9654 | D:11     | Found a roughly hewn altar of Beogh.
  9654 | D:11     | Found a staircase to the Orcish Mines.
  9661 | D:11     | Killed an orc knight
  9894 | Lair:1   | Entered Level 1 of the Lair of Beasts
 10211 | Lair:1   | Noticed an eight-headed hydra
 10217 | Lair:1   | Killed an eight-headed hydra
 10251 | Lair:1   | Received a gift from Trog
 10251 | Lair:1   | Reached skill level 10 in Fighting
 10481 | Lair:1   | Reached skill level 12 in Axes
 11718 | Lair:2   | Reached skill level 13 in Axes
 11945 | Lair:2   | Reached XP level 12. HP: 104/108 MP: 11/11
 12358 | Lair:1   | Received a gift from Trog
 12761 | Lair:1   | Received a gift from Trog
 14186 | D:11     | Noticed Urug
 14199 | D:11     | Killed Urug
 14398 | D:12     | Found a blossoming altar of Fedhas.
 14484 | D:12     | Reached skill level 14 in Axes
 14547 | D:12     | Received a gift from Trog
 14681 | D:12     | Received a gift from Trog
 14681 | D:12     | Reached skill level 1 in Maces & Flails
 15454 | Orc:1    | Entered Level 1 of the Orcish Mines
 15467 | Orc:1    | Found Tecinwyu's Armour Shop.
 15475 | Orc:1    | Received a gift from Trog
 15623 | Orc:1    | Found a frozen archway.
 15661 | IceCv    | Entered an ice cave
 16079 | Orc:2    | Received a gift from Trog
 16462 | Orc:2    | Received a gift from Trog
 16667 | Orc:1    | Reached XP level 13. HP: 119/119 MP: 12/12
 17434 | Lair:3   | Found a staircase to the Shoals.
 18174 | Lair:4   | Reached skill level 15 in Axes
 18358 | Lair:4   | Received a gift from Trog
 18861 | Lair:5   | Received a gift from Trog
 18880 | Lair:4   | Received a gift from Trog
 20825 | Orc:3    | Received a gift from Trog
 21096 | Orc:3    | Found Saaxir's Assorted Antiques.
 21108 | Orc:3    | Found Juesudebbu's Armour Boutique.
 21239 | Orc:4    | Entered Level 4 of the Orcish Mines
 21239 | Orc:4    | Found a staircase to the Elven Halls.
 21465 | Orc:4    | Received a gift from Trog
 21863 | Orc:4    | Found a roughly hewn altar of Beogh.
 22015 | Orc:4    | Found a roughly hewn altar of Beogh.
 22023 | Orc:4    | Reached skill level 16 in Axes
 22585 | Orc:4    | Found a roughly hewn altar of Beogh.
 22657 | Orc:4    | Found a roughly hewn altar of Beogh.
 22658 | Orc:4    | Found Ycejixkotic's Antique Weapon Shoppe.
 22842 | Orc:4    | Received a gift from Trog
 22848 | Orc:4    | Got a crude battleaxe {god gift}
 22927 | Orc:4    | Identified the +13 battleaxe of Giffaxka {vamp, rF++} (Trog gifted it to you on level 4 of the Orcish Mines)
 23294 | Orc:4    | Noticed an orc warlord
 23308 | Orc:4    | Killed an orc warlord
 23308 | Orc:4    | Reached XP level 14. HP: 96/130 MP: 4/13
 23429 | Orc:4    | Found Watseutoma's Antique Armour Emporium.
 23430 | Orc:4    | Found a roughly hewn altar of Beogh.
 23434 | Orc:4    | Found Tisamysa's Antique Weapon Shoppe.
 23512 | Orc:4    | Received a gift from Trog
 23641 | Orc:4    | Found a roughly hewn altar of Beogh.
 23646 | Orc:4    | Found Yronel's Antique Armour Shoppe.
 23808 | Orc:4    | Bought a pair of distressingly furry gloves for 256 gold pieces
 24229 | Lair:2   | Identified the cursed +0 pair of gloves of Jeciosk {rElec rPois Int+4} (You bought it in a shop on level 4 of the Orcish Mines)
 24506 | Lair:6   | Found a staircase to the Snake Pit.
 24700 | Lair:6   | Found a staircase to the Slime Pits.
 24848 | Lair:6   | Received a gift from Trog
 24852 | Lair:6   | Reached skill level 10 in Throwing
 26549 | Lair:7   | Received a gift from Trog
 27095 | Lair:7   | Found a shattered altar of Ashenzari.
 27669 | Lair:2   | Upgraded the game from 0.17-a0-1674-g2b13139 to 0.17-a0-1687-g01fd01a
 27706 | Lair:2   | Identified a scroll of acquirement
 28124 | D:13     | Noticed a centaur warrior
 28133 | D:13     | Killed a centaur warrior
 28133 | D:13     | Reached skill level 17 in Axes
 28605 | D:13     | Noticed an ogre mage
 28615 | D:13     | Killed an ogre mage
 28621 | D:13     | Received a gift from Trog
 28696 | D:13     | Found a gate to the Vaults.
 29119 | D:13     | Reached skill level 15 in Fighting
 29338 | D:14     | Reached XP level 15. HP: 91/141 MP: 4/14
 29511 | D:14     | Found an opulent altar of Gozag.
 29694 | D:14     | Found Laxia's Assorted Antiques.
 30210 | D:14     | Reached skill level 15 in Armour
 30439 | D:15     | Entered Level 15 of the Dungeon
 31194 | D:15     | Found a staircase to the Depths.
 31752 | D:15     | Found a portal to a secret trove of treasure.
 31781 | D:15     | Found a radiant altar of Vehumet.
 32135 | Lair:8   | Entered Level 8 of the Lair of Beasts
 32565 | Lair:8   | Received a gift from Trog
 32668 | Lair:8   | Received a gift from Trog
 32818 | Lair:8   | Noticed Josephine
 32828 | Lair:8   | Killed Josephine
 33135 | Lair:8   | Noticed Snorg
 33146 | Lair:8   | Killed Snorg
 33146 | Lair:8   | Received a gift from Trog
 33196 | Lair:8   | Reached skill level 18 in Axes
 33691 | Lair:8   | Received a gift from Trog
 34540 | Snake:1  | Entered Level 1 of the Snake Pit
 34653 | Snake:1  | Received a gift from Trog
 35019 | Snake:1  | Reached XP level 16. HP: 119/151 MP: 9/15
 35038 | Snake:1  | Received a gift from Trog
 35711 | Shoals:1 | Entered Level 1 of the Shoals
 36148 | Shoals:1 | HP: 2/151 [merfolk aquamancer/great wave of water (38)]
 36895 | Lair:3   | Upgraded the game from 0.17-a0-1687-g01fd01a to 0.17-a0-1711-gc5340a3
 37700 | Snake:1  | Reached skill level 19 in Axes
 38677 | Snake:2  | Received a gift from Trog
 39624 | Snake:2  | Received a gift from Trog
 39729 | Snake:2  | Got a warped war axe
 39730 | Snake:2  | Identified the +6 war axe of Watchfulness {freeze, Str+2 Dex-4 SInv} (You found it on level 2 of the Snake Pit)
 40506 | Snake:3  | Found Xaibreycwu's Armour Shop.
 40636 | Snake:3  | Received a gift from Trog
 41164 | Snake:3  | Received a gift from Trog
 41996 | Snake:4  | Entered Level 4 of the Snake Pit
 42331 | Snake:4  | Reached XP level 17. HP: 95/160 MP: 16/16
 42351 | Snake:4  | Received a gift from Trog
 43978 | Snake:4  | Received a gift from Trog
 44374 | Snake:4  | Reached skill level 20 in Axes
 44374 | Snake:4  | Reached skill level 15 in Throwing
 44824 | Snake:4  | Got a serpentine rune of Zot
 46707 | Depths:1 | Entered Level 1 of the Depths
 46758 | Depths:1 | Found a runed door.
 46839 | Depths:1 | Reached skill level 1 in Evocations
 47046 | Depths:1 | Upgraded the game from 0.17-a0-1711-gc5340a3 to 0.17-a0-1714-g35622ae
 47108 | Depths:1 | Reached XP level 18. HP: 170/170 MP: 17/17
 47192 | Depths:1 | Received a gift from Trog
 48733 | Depths:1 | Found a gateway to Hell.
 48957 | Depths:2 | Received a gift from Trog
 49620 | Depths:2 | Cast into the Abyss (an ogre mage)
 49846 | Abyss:1  | Noticed a lich
 49861 | Abyss:1  | Killed a lich
 49956 | Abyss:1  | Received a gift from Trog
 50129 | Abyss:1  | Found a corrupted altar of Lugonu.
 50479 | Abyss:1  | Paralysed by accursed screaming for 1 turns
 50500 | Abyss:1  | Reached skill level 21 in Axes
 50506 | Abyss:1  | Noticed a bone dragon
 50506 | Abyss:1  | HP: 7/154 [starcursed mass/accursed screaming (5)]
 50508 | Abyss:1  | HP: 1/154 [starcursed mass/accursed screaming (7)]
 50509 | Abyss:1  | Killed from afar by a starcursed mass

Vault maps used:
D:1:      dpeg_arrival_yet_another_circle
D:3:      gup_sewer_entry_bowl, hangedman_decor_peaks_small
D:4:      minitemple, minmay_temple_entry_overgrown, serial_shops, shop,
          hangedman_glass_teeth, grunt_decor_mini_mirrors
D:5:      first_bread, hangedman_abyss_or_decor_jellyfish_corner,
          dk_noncrumbling_3, makhleb_blood_cavern_becter, uniq_eustachio
D:6:      amalloy_card_club
D:7:      minmay_flawed_box, grunt_livestock, minmay_fire_ice_demons
D:8:      grunt_lair_entry_elf_guard_hut, basic_altar, grunt_gozag_statues
D:9:      nemelex_spade_bored_becter
D:10:     kennysheep_small_spiral
D:11:     david_orc_5, uniq_urug
D:12:     fedhas_altar_decomposition
D:13:     hangedman_vaults_entry_quadrant_bands
D:14:     serial_shops, nicolae_shop_window_shopping, lemuel_round_altar
D:15:     grunt_enter_depths_snipers, nicolae_trove_entry_diagonal,
          lemuel_crystal_altar
Lair:1:   special_room, lemuel_fruit_fields, lemuel_fruit_tree
Lair:2:   grunt_megastairs_4
Lair:3:   minmay_shoals_entry_lonely_mermaid
Lair:5:   infiniplex_staircase_pool, grunt_megastairs_2
Lair:6:   minmay_snake_entry_six_corridors, minmay_slime_entry_jelly_boxes,
          minmay_holes, serial_bayou_crossing
Lair:7:   basic_altar, serial_bayou_shore_b, lemuel_fruit_fields
Lair:8:   hangedman_lair_in_review, uniq_snorg, uniq_josephine
Snake:2:  special_room
Snake:3:  serial_shops, shop
Snake:4:  snake_pit
Orc:1:    portal_ice_cave_entry_pillars_03, serial_shops, shop
Orc:2:    nicolae_orc_damp_corner
Orc:3:    nicolae_orc_pool_cavern, guppyfry_orc_lava_fort
Orc:4:    grunt_orc_community_town_hall, grunt_orc_community_big_house_1,
          grunt_orc_community_big_house_1, grunt_orc_community_house_1,
          grunt_orc_community_house_3, grunt_orc_community_house_3,
          grunt_orc_community_house_3, grunt_orc_community_house_1,
          grunt_orc_community_house_1, guppyfry_library_mini
Depths:1: minmay_misc_feat_enclosed, hell_entry, lightli_giant_bouncers
Depths:2: lemuel_castle_with_subvaults, serial_sigils,
          serial_sigils_hangedman_confine, serial_sigils_hangedman_writhe,
          serial_sigils_hangedman_leer, serial_sigils_hangedman_snap,
          nrook_mini_backslash, hell_entry
Abyss:1:  lemuel_firewalk_3, hangedman_decor_lopped
Sewer:    sewer_kobolds
IceCv:    ice_cave_small_demon

Action                   |  1- 3 |  4- 6 |  7- 9 | 10-12 | 13-15 | 16-18 || total
-------------------------+-------+-------+-------+-------+-------+-------++-------
Melee: Hand axe          |   103 |   108 |       |       |       |       ||   211
       Unarmed           |     1 |       |       |       |       |       ||     1
       War axe           |       |    45 |    71 |       |       |   661 ||   777
       Battleaxe         |       |       |   165 |   334 |  1096 |   163 ||  1758
       Broad axe         |       |       |       |   319 |    17 |       ||   336
       Dire flail        |       |       |       |     8 |   123 |       ||   131
Throw: Stone             |    51 |       |       |       |       |       ||    51
       Tomahawk          |    15 |    15 |    78 |    95 |    67 |   336 ||   606
       Javelin           |       |       |     3 |     2 |   241 |   240 ||   486
Invok: Berserk           |     1 |       |     2 |     6 |     6 |     9 ||    24
       Burn Spellbooks   |       |       |     2 |     5 |     3 |     2 ||    12
       Brothers in Arms  |       |       |     1 |     4 |    17 |    25 ||    47
Evoke: Wand              |       |       |       |       |     5 |     8 ||    13
  Use: Scroll            |     5 |     2 |     8 |     9 |    14 |    19 ||    57
       Potion            |     1 |     3 |       |     2 |     4 |    12 ||    22
 Stab: Petrified         |       |       |       |       |     3 |       ||     3
       Distracted        |       |       |       |       |       |     1 ||     1
  Eat: Chunk             |     3 |     7 |    14 |    29 |    48 |    21 ||   122
       Bread ration      |       |       |     1 |       |     1 |     4 ||     6
       Fruit             |       |       |     1 |     2 |     7 |     6 ||    16
       Beef jerky        |       |       |       |     1 |       |     4 ||     5
       Meat ration       |       |       |       |     1 |     1 |     2 ||     4
       Royal jelly       |       |       |       |       |     1 |     2 ||     3
       Pizza             |       |       |       |       |     1 |     1 ||     2
